 Dungeon Crawl Stone Soup version 0.20-a0-1074-g6a0a8e1 (webtiles) character file.

995 Alarkh the Sneak (level 8, -7/82 HPs)
             Began as an Octopode Monk on Apr 29, 2017.
             Was a Believer of Okawaru.
             Mangled by an ogre
             ... wielding a +0 giant spiked club
              (17 damage)
             ... on level 6 of the Dungeon.
             The game lasted 00:04:59 (5637 turns).

Alarkh the Sneak (Octopode Monk)                    Turns: 5637, Time: 00:05:00

Health: -7/82      AC: 24    Str:  8    XL:     8   Next: 19%
Magic:  8/8        EV:  2    Int: 14    God:    Okawaru [**....]
Gold:   200        SH:  0    Dex: 15    Spells: 7/7 levels left

rFire    + . .     SeeInvis .   a - +0 spear
rCold    . . .     Gourm    .   (no shield)
rNeg     + + +     Faith    .   (helmet currently unavailable)
rPois    +         Spirit   .   (no amulet)
rElec    .         Reflect  .   q - ring of protection from fire
rCorr    .         Harm     .   (no ring)
MR       .....     NoTele   +   (no ring)
Stlth    +++.......             (no ring)
Regen    0.3/turn               (no ring)
MPRegen  0.2/turn               (no ring)
                                (no ring)
                                (no ring)

@: tree-form
A: almost no armour, stealthy swim, (amphibious), 8 rings, (constrict 8), weak
1, evolution 1
a: Heroism, Renounce Religion


You were on level 6 of the Dungeon.
You worshipped Okawaru.
Okawaru was pleased with you.
You were not hungry.
You were a tree.
You visited 1 branch of the dungeon, and saw 6 of its levels.

You collected 200 gold pieces.

Inventory:

Hand Weapons
 a - a +0 spear (weapon)
Jewellery
 q - a ring of protection from fire (left branch)
Wands
 p - a wand of iceblast (7/15)
Scrolls
 d - a scroll of recharging
 e - 2 scrolls of identify
 i - 4 scrolls of remove curse
 l - 2 scrolls of enchant armour
 n - 3 scrolls of fog
 s - a scroll of amnesia
 t - 2 scrolls of magic mapping
 u - 3 scrolls of fear
 v - a scroll of torment {unknown}
Potions
 c - 3 potions of curing
 f - a potion of degeneration
 h - 2 potions of mutation
 j - a potion of flight
 r - a potion of brilliance
 w - a potion of might
Comestibles
 b - 2 bread rations
 k - 6 fruits
 m - 2 royal jellies
 o - 7 meat rations


   Skills:
 + Level 5.2 Fighting
 * Level 6.5 Polearms
 + Level 4.8 Dodging
 + Level 6.6 Stealth


You had 7 spell levels left.
You didn't know any spells.

Dungeon Overview and Level Annotations

Branches:
Dungeon (6/15)
 Temple: D:4-7

Altars:
Okawaru
Ru


Innate Abilities, Weirdness & Mutations

You cannot wear most types of armour.
You are very stealthy in the water. (Stealth+)
((You are amphibious.))
You can wear up to eight rings at the same time.
((You can use your tentacles to constrict eight enemies at once.))
((Your skin changes colour to match your surroundings (Stealth+).))
((Your rubbery body absorbs attacks. (AC +1, EV +1)))
You are weak. (Str -2)
You evolve.


Message History

The crimson imp hits you but does no damage.
You hit the ogre but do no damage.
The ogre is moderately wounded.
The ogre barely misses you.
The crimson imp blinks!
You barely miss the ogre.
The ogre is moderately wounded.
The ogre hits you but does no damage.
You hit the ogre.
The ogre is moderately wounded.
You hit the ogre.
The ogre is heavily wounded.
The ogre hits you with a giant spiked club!
* * * LOW HITPOINT WARNING * * *
You hit the ogre.
The ogre is heavily wounded.
The crimson imp blinks!
You hit the ogre.
The ogre is heavily wounded.
The ogre hits you with a giant spiked club!
You die...

##### #...##### #######
#####......)#####......#
........#..)).......#..#
############).5.§#######
## # #..#OY..5#..#..# ..
....#..#.###O#..#... ..
.(.....'..#_♣+...... ..
..5...######## ..... ..
..... .... .. .... ...
.. ... .. .# .. . .# .
.# .#


You could see an ogre and 2 crimson imps.

Vanquished Creatures
  Menkaure (D:4)
  An ice beast (D:6)
  An ogre (D:5)
  The ghost of Malvoorn the Slasher, an amateur VSFi (D:3)
  A bullfrog (D:6)
  A crimson imp (D:5)
  A bullfrog zombie (D:5)
  2 bullfrog skeletons
  A jelly (D:5)
  2 orc priests (D:6)
  An orc wizard (D:3)
  Ijyb (D:4)
  2 worker ants (D:4)
  Terence (D:2)
  Robin (D:2)
  6 gnolls (D:3)
  5 adders
  2 oozes
  2 worms
  4 leopard geckos
  12 orcs
  A ball python (D:2)
  11 bats
  A giant cockroach (D:2)
  10 goblins
  8 hobgoblins
  7 jackals
  2 quokkas (D:2)
  7 frilled lizards
  6 kobolds
  5 rats
107 creatures vanquished.

Notes
Turn   | Place    | Note
-------+----------+-------------------------------------------
     0 | D:1      | Alarkh the Octopode Monk began the quest for the Orb.
     0 | D:1      | Reached XP level 1. HP: 16/16 MP: 1/1
    27 | D:1      | Reached XP level 2. HP: 21/21 MP: 2/2
   310 | D:1      | Reached XP level 3. HP: 26/26 MP: 3/3
   458 | D:2      | Noticed Terence
   467 | D:2      | Killed Terence
   662 | D:2      | Reached XP level 4. HP: 26/31 MP: 4/4
  1041 | D:2      | Noticed Robin
  1045 | D:2      | Gained mutation: You are frail. (-10% HP) [potion of mutation]
  1045 | D:2      | Gained mutation: You evolve. [potion of mutation]
  1045 | D:2      | Gained mutation: You are weak. (Str -2) [potion of mutation]
  1045 | D:2      | Lost mutation: You are frail. (-10% HP) [potion of mutation]
  1068 | D:2      | Killed Robin
  1668 | D:3      | Reached XP level 5. HP: 36/36 MP: 5/5
  1764 | D:3      | Noticed Malvoorn's ghost (amateur VSFi)
  1797 | D:3      | Killed Malvoorn's ghost
  2154 | D:3      | Reached XP level 6. HP: 40/43 MP: 6/6
  2730 | D:3      | Reached skill level 5 in Stealth
  3052 | D:4      | Noticed Ijyb
  3066 | D:4      | Killed Ijyb
  3066 | D:4      | Reached skill level 5 in Polearms
  4000 | D:4      | Noticed Menkaure
  4007 | D:4      | Killed Menkaure
  4007 | D:4      | Reached XP level 7. HP: 21/49 MP: 7/7
  4435 | D:5      | Entered Level 5 of the Dungeon
  4455 | D:5      | Found an iron altar of Okawaru.
  4464 | D:5      | Became a worshipper of Warmaster Okawaru
  4464 | D:5      | Reached * piety under Okawaru
  4464 | D:5      | Reached ** piety under Okawaru
  5165 | D:5      | Reached skill level 5 in Fighting
  5372 | D:6      | Reached XP level 8. HP: 24/55 MP: 8/8
  5585 | D:6      | Found a sacrificial altar of Ru.
  5637 | D:6      | Mangled by an ogre

Vault maps used:
D:1:      dpeg_arrival_tiny_h
D:2:      uniq_terence, uniq_robin
D:3:      first_bread
D:4:      uniq_ijyb, uniq_menkaure
D:5:      okawaru_gym_becter
D:6:      lightli_temple_of_fire, hangedman_ru_absence, uniq_sigmund

Skill      XL: |  1  2  3  4  5  6  7 |
---------------+----------------------+-----
Stealth        | 3 4 5 6 |  6.6
Polearms       | 4 5 6 |  6.5
Fighting       | 4 5 |  5.2
Dodging        | 4 |  4.8

Action                   |  1- 3 |  4- 6 |  7- 9 || total
-------------------------+-------+-------+-------++-------
Melee: Spear             |    65 |   243 |   123 ||   431
       Tentacles         |     7 |    38 |    19 ||    64
       Constrict         |    10 |    44 |    13 ||    67
Invok: Heroism           |       |       |     1 ||     1
  Use: Scroll            |     1 |     7 |     1 ||     9
       Potion            |       |    10 |     2 ||    12
 Stab: Sleeping          |     3 |    13 |     4 ||    20
       Distracted        |     1 |       |       ||     1
  Eat: Chunk             |       |    10 |     5 ||    15
Armor: Skin              |     6 |    78 |    21 ||   105
Dodge: Dodged            |    21 |   100 |    41 ||   162
